 Dungeon Crawl Stone Soup version 0.20-a0-1074-g6a0a8e1 (webtiles) character file.

629 Leonis the Skirmisher (level 7, -1/61 HPs)
             Began as a Hill Orc Fighter on Apr 29, 2017.
             Slain by a sky beast (6 damage)
             ... on level 5 of the Dungeon.
             The game lasted 00:17:24 (3310 turns).

Leonis the Skirmisher (Hill Orc Fighter)            Turns: 3310, Time: 00:17:25

Health: -1/61      AC: 13    Str: 21    XL:     7   Next: 48%
Magic:  7/7        EV: 11    Int:  8    God:
Gold:   187        SH:  0    Dex: 15    Spells: 6/6 levels left

rFire    . . .     SeeInvis .   B - +2 scythe (venom)
rCold    + . .     Gourm    .   (shield currently unavailable)
rNeg     . . .     Faith    .   t - +0 plate armour
rPois    .         Spirit   .   (no helmet)
rElec    .         Reflect  .   K - scarf {rC+}
rCorr    .         Harm     .   J - +0 pair of gloves
MR       .....                  (no boots)
Stlth    ..........             (no amulet)
Regen    0.2/turn               o - ring of wizardry
MPRegen  0.1/turn               y - ring of flight

@: agile
A: no striking features
a: Evoke Flight


You were on level 5 of the Dungeon.
You were not hungry.

You visited 1 branch of the dungeon, and saw 5 of its levels.

You collected 187 gold pieces.

Inventory:

Hand Weapons
 a - a +0 war axe
 g - a +0 blowgun
 q - a +2 whip of electrocution
 B - a +2 scythe of venom (weapon)
Missiles
 w - 5 poisoned needles
 F - 2 tomahawks (quivered)
 I - 6 needles of sleeping
Armour
 c - a +0 shield
 j - a scarf of cold resistance
 t - a +0 plate armour (worn)
 J - a +0 pair of gloves (worn)
 K - a scarf of cold resistance (worn)
Jewellery
 h - an uncursed amulet of harm
 o - a ring of wizardry (left hand)
 y - a ring of flight (right hand)
Wands
 x - a wand of flame (4/48)
 E - a wand of acid (6/15)
Scrolls
 e - 6 scrolls of identify
 i - 3 scrolls of remove curse {unknown}
 l - 4 scrolls of random uselessness {unknown}
 m - a scroll of teleportation {unknown}
 n - 2 scrolls of fog {unknown}
 p - a scroll of amnesia {unknown}
 u - 3 scrolls of recharging {unknown}
Potions
 d - a potion of might
 r - a potion of cancellation {unknown}
 s - a potion of curing {unknown}
 v - a potion of mutation {unknown}
 A - a potion of agility
 C - a potion of ambrosia {unknown}
 D - a potion of magic {unknown}
 H - a potion of brilliance {unknown}
Comestibles
 b - 6 fruits
 f - 5 bread rations
 k - 2 meat rations
 G - 3 royal jellies


   Skills:
 * Level 5.4 Fighting
 + Level 3.1(4.1) Axes
 - Level 3.2(3.7) Maces & Flails
 * Level 2.2 Throwing
 * Level 5.4 Armour
 + Level 5.1 Shields
 + Level 0.4 Evocations


You had 6 spell levels left.
You didn't know any spells.

Dungeon Overview and Level Annotations

Branches:
Dungeon (5/15)             Temple (0/1) D:5

Altars:
Okawaru
Wu Jian

Annotations:
D:4 Tian's ghost, amateur GrEE


Message History

Deactivating autopickup; reactivate with Ctrl-A.
Something hits you but does no damage.
You closely miss something. Something hits you but does no damage.
Something hits you.
* * * LOW HITPOINT WARNING * * *
Something shocks you.
* * * LOW HITPOINT WARNING * * *
You miss something. Something hits you but does no damage.
A sky beast appears from thin air!
Reactivating autopickup.
The sky beast hits you but does no damage.
You slash the sky beast!
The sky beast is moderately wounded.
The sky beast hits you but does no damage. x2
It was a potion of agility.
You feel agile all of a sudden. The sky beast hits you.
* * * LOW HITPOINT WARNING * * *
The sky beast shocks you.
You die...

###### #.Y..# #@#
################.#
.................#
##################


You could see a sky beast.

Vanquished Creatures
  Sigmund (D:3)
  An ice beast (D:3)
  A scorpion (D:4)
  A crimson imp (D:5)
  Jessica (D:3)
  A worker ant (D:4)
  2 hound skeletons
  3 gnolls (D:3)
  9 adders
  3 oozes
  A worm (D:2)
  2 dart slugs
  3 leopard geckos
  An orc (D:3)
  9 bats
  7 giant cockroaches
  16 goblins
  9 hobgoblins
  3 jackals (D:3)
  4 quokkas
  8 frilled lizards
  8 kobolds
  5 rats
99 creatures vanquished.

Notes
Turn   | Place    | Note
-------+----------+-------------------------------------------
     0 | D:1      | Leonis the Hill Orc Fighter began the quest for the Orb.
     0 | D:1      | Reached XP level 1. HP: 19/19 MP: 1/1
   196 | D:1      | Reached XP level 2. HP: 24/27 MP: 2/2
   555 | D:1      | Reached XP level 3. HP: 33/33 MP: 3/3
   975 | D:2      | Reached skill level 1 in Maces & Flails
   975 | D:2      | Reached XP level 4. HP: 32/40 MP: 4/4
  1260 | D:2      | Reached skill level 1 in Throwing
  1544 | D:2      | Reached XP level 5. HP: 47/47 MP: 5/5
  2086 | D:3      | Noticed an ice beast
  2092 | D:3      | Killed an ice beast
  2092 | D:3      | Reached XP level 6. HP: 53/55 MP: 4/6
  2106 | D:3      | Reached skill level 5 in Fighting
  2134 | D:3      | Found an iron altar of Okawaru.
  2205 | D:3      | Noticed Sigmund
  2214 | D:3      | Killed Sigmund
  2214 | D:3      | Reached skill level 5 in Armour
  2214 | D:3      | Reached XP level 7. HP: 60/61 MP: 7/7
  2425 | D:3      | Noticed Jessica
  2440 | D:3      | Killed Jessica
  2860 | D:4      | Found an ornate altar of the Wu Jian Council.
  3093 | D:4      | Reached skill level 5 in Shields
  3134 | D:4      | Noticed Tian's ghost (amateur GrEE)
  3185 | D:5      | Entered Level 5 of the Dungeon
  3185 | D:5      | Found a staircase to the Ecumenical Temple.
  3310 | D:5      | Slain by a sky beast

Vault maps used:
D:1:      dpeg_arrival_long_road
D:2:      first_bread, minmay_parallelograms
D:3:      okawaru_ov_weapons_minmay, kennysheep_jessica_study, uniq_sigmund
D:4:      lemuel_doored_altar, st_stairs_7, minmay_goblin_kobold_house,
          uniq_crazy_yiuf_cottage
D:5:      vehumet_altar_wand_db, temple_fountains

Skill      XL: |  1  2  3  4  5  6  7 |
---------------+----------------------+-----
Axes           | 3 |  3.1
Fighting       | 4 5 |  5.4
Maces & Flails | 1 2 3 |  3.2
Throwing       | 1 2 |  2.2
Shields        | 4 5 |  5.1
Armour         | 4 5 |  5.4
Evocations     | |  0.4

Action                   |  1- 3 |  4- 6 |  7- 9 || total
-------------------------+-------+-------+-------++-------
Melee: War axe           |    37 |       |       ||    37
       Whip              |    74 |   129 |   123 ||   326
       Scythe            |       |       |     8 ||     8
Throw: Tomahawk          |       |       |     4 ||     4
 Abil: Evoke Flight      |       |     1 |       ||     1
  Use: Scroll            |       |     2 |       ||     2
       Potion            |       |       |     1 ||     1
  Eat: Chunk             |       |     5 |     3 ||     8
Armor: Scale mail        |    25 |       |       ||    25
       Plate armour      |    38 |    79 |    81 ||   198
Dodge: Dodged            |    20 |    12 |    21 ||    53
Block: Shield            |    41 |    71 |    66 ||   178
